 Dungeon Crawl Stone Soup version 0.20.0-1-g1cb1d84 (webtiles) character file.

93 Britaniac the Chopper (level 4, -2/40 HPs)
             Began as a Deep Dwarf Fighter on May 26, 2017.
             Killed from afar by an orc wizard (12 damage)
             ... with a puff of frost
             ... on level 3 of the Dungeon.
             The game lasted 00:08:30 (2191 turns).

Britaniac the Chopper (Deep Dwarf Fighter)          Turns: 2191, Time: 00:08:30

Health: -2/40      AC: 11    Str: 21    XL:     4   Next: 37%
Magic:  4/4        EV:  5    Int:  8    God:
Gold:   178        SH: 14    Dex: 12    Spells: 3/3 levels left

rFire    . . .     SeeInvis .   a - +1 war axe
rCold    . . .     Gourm    .   c - +0 shield
rNeg     . . .     Faith    .   g - +0 chain mail
rPois    .         Spirit   .   (no helmet)
rElec    .         Reflect  +   k - +1 cloak
rCorr    .         Harm     .   (no gloves)
MR       .....                  (no boots)
Stlth    ..........             l - +5 amulet of reflection
Regen    0.0/turn               (no ring)
MPRegen  0.1/turn               (no ring)

@: non-regenerating
A: damage resistance, heal wounds, sense surroundings 1, no regeneration
a: Heal Wounds


You were on level 3 of the Dungeon.
You were not hungry.

You visited 1 branch of the dungeon, and saw 3 of its levels.

You collected 178 gold pieces.

Inventory:

Hand Weapons
 a - a +1 war axe (weapon)
Armour
 c - a +0 shield (worn)
 g - a +0 chain mail (worn)
 k - a +1 cloak (worn)
Jewellery
 l - a +5 amulet of reflection (around neck)
Scrolls
 h - 3 scrolls of teleportation
 j - 2 scrolls of remove curse
 n - a scroll of identify {unknown}
Potions
 b - a potion of brilliance {unknown}
 d - 2 potions of might
 e - 2 potions of curing {unknown}
 i - a potion of cancellation {unknown}
 o - 2 potions of mutation {unknown}
Comestibles
 f - a bread ration
 m - 2 royal jellies
 q - a meat ration


   Skills:
 - Level 2.6 Fighting
 * Level 5.1 Axes
 - Level 3.2 Armour
 - Level 3.2 Shields


You had 3 spell levels left.
You didn't know any spells.

Dungeon Overview and Level Annotations

Branches:
Dungeon (3/15)

Altars:
Nemelex Xobeh
The Shining One


Innate Abilities, Weirdness & Mutations

You are resistant to damage.
You can heal yourself by infusing magical energy.
You passively map a small area around you.
You do not regenerate.


Message History

A puff of flame appears from out of thin air!
The puff of flame hits something.
Reactivating autopickup.
You feel a bit more experienced. Something hits you but does no damage.
Deactivating autopickup; reactivate with Ctrl-A.
Things that are here:
a dagger; a robe; an orc corpse You butcher the orc corpse.
Something hits you but does no damage.
You hear some strange, mumbled words.
A magic dart appears from out of thin air!
The magic dart hits you!
* * * LOW HITPOINT WARNING * * *
Items here: % ) [ รท a dagger; a robe; 3 chunks of flesh; an orc skeleton Something hits you.
You hear some strange, mumbled words.
A puff of frost appears from out of thin air!
The puff of frost hits you!
You die...

.##.#.##........*..#*,*,*
......##........*..#*,#,*
##.....#........*..,,.#,*
##.##.########.#.##o.#,*
##...#.# *..(...,,,*
.......# *#..$,,****
##...#.## ####.####*
.##.#...## #.......#
....#.#..# #.##@##.#
###.#....####.##.#*,#
###.####.......).#*,*
..#.# ######.####*,*
..#.# #.#****,* ....#
#..,,,,,* ..### ####*****
.## .#


There were no monsters in sight!

Vanquished Creatures
  4 adders
  2 worms
  A leopard gecko (D:2)
  An orc (D:3)
  7 bats
  3 giant cockroaches
  3 goblins
  7 hobgoblins
  3 jackals (D:3)
  7 kobolds
  A quokka (D:2)
  A ball python (D:2)
  5 frilled lizards
  2 rats
47 creatures vanquished.

Vanquished Creatures (others)
  An orc wizard (D:3)
1 creature vanquished.

Grand Total: 48 creatures vanquished

Notes
Turn   | Place    | Note
-------+----------+-------------------------------------------
     0 | D:1      | Britaniac the Deep Dwarf Fighter began the quest for the Orb.
     0 | D:1      | Reached XP level 1. HP: 20/20 MP: 1/1
   334 | D:1      | Reached skill level 3 in Axes
   368 | D:1      | Reached XP level 2. HP: 27/27 MP: 2/2
   929 | D:2      | Found a sparkling altar of Nemelex Xobeh.
  1026 | D:2      | Reached XP level 3. HP: 26/33 MP: 3/3
  1295 | D:2      | Reached skill level 4 in Axes
  1835 | D:3      | Reached XP level 4. HP: 25/40 MP: 4/4
  1842 | D:3      | Found a glowing golden altar of the Shining One.
  2017 | D:3      | Reached skill level 5 in Axes
  2191 | D:3      | Killed from afar by an orc wizard

Skill      XL: |  1  2  3  4 |
---------------+-------------+-----
Axes           | 3 4 5 |  5.1
Fighting       | |  2.6
Armour         | |  3.2
Shields        | |  3.2

Action                   |  1- 3 |  4- 6 || total
-------------------------+-------+-------++-------
Melee: War axe           |   147 |    44 ||   191
  Use: Scroll            |     8 |     1 ||     9
  Eat: Chunk             |     3 |     1 ||     4
Armor: Chain mail        |    83 |    32 ||   115
Dodge: Dodged            |    33 |     2 ||    35
Block: Shield            |    92 |    22 ||   114
